 Dungeon Crawl Stone Soup version 0.28-a0-612-gcfc00ec14d (webtiles) character file.

Game seed: 3944094693598178085

1614 pokedragonboy the Purveyor of Pain (level 8, 0/61 HPs)
             Began as a Deep Elf Necromancer on Oct 5, 2021.
             Was an Initiate of Kikubaaqudgha.
             Succumbed to a killer bee's poison
             ... on level 7 of the Dungeon.
             The game lasted 00:25:13 (10013 turns).

pokedragonboy the Purveyor of Pain (DENe)          Turns: 10013, Time: 00:25:14

Health: 0/61       AC:  5    Str:  5    XL:     8   Next: 64%
Magic:  13/22      EV: 13    Int: 23    God:    Kikubaaqudgha [......]
Gold:   353        SH:  0    Dex: 15    Spells: 7/23 levels left

rFire   . . .      SeeInvis +   a - +2 dagger (pain)
rCold   . . .      Faith    .   (no shield)
rNeg    . . .      Spirit   .   k - +1 robe
rPois   +          Reflect  .   (no helmet)
rElec   .          Harm     .   (no cloak)
rCorr   .          Rampage  .   o - +1 pair of gloves "Maptyd" {SInv}
Will    .....                   (no boots)
Stlth   ..........              t - amulet of the acrobat
HPRegen 0.20/turn               w - ring of see invisible
MPRegen 0.18/turn               u - ring of poison resistance

@: berserking, lethally poisoned (0 -> -6), about to teleport, very quick
A: no striking features
a: Renounce Religion


You were on level 7 of the Dungeon.
You worshipped Kikubaaqudgha.
Kikubaaqudgha was noncommittal.
You visited 2 branches of the dungeon, and saw 8 of its levels.

You collected 353 gold pieces.

Inventory:

Hand Weapons
 a - a +2 dagger of pain (weapon)
 b - a +1 hunting sling
Missiles
 i - a throwing net
 s - 181 stones
 C - 44 sling bullets
Armour
 k - a +1 robe (worn)
 o - the +1 pair of gloves "Maptyd" (worn) {SInv}
   (You found it on level 6 of the Dungeon)

   SInv:      It lets you see invisible.
Magical Staves
 g - a staff of air
Jewellery
 t - an amulet of the acrobat (around neck)
 u - a ring of poison resistance (right hand)
 w - a ring of see invisible (left hand)
 D - a ring of fire
Wands
 p - a wand of paralysis (8)
 y - a wand of charming (7)
 B - a wand of iceblast (8)
Scrolls
 d - 2 scrolls of immolation
 j - a scroll of enchant armour
 r - a scroll of amnesia {unknown}
 v - a scroll of enchant weapon
 x - 2 scrolls of teleportation
Potions
 c - 3 potions of haste
 h - a potion of degeneration {unknown}
 l - 2 potions of lignification
 m - a potion of mutation {unknown}
 n - a potion of magic {unknown}
 q - a potion of cancellation {unknown}
 z - 4 potions of curing {unknown}
 A - a potion of flight {unknown}
 E - a potion of might {unknown}


   Skills:
 - Level 3.0 Short Blades
 - Level 3.0 Dodging
 - Level 2.4 Stealth
 + Level 8.1 Spellcasting
 * Level 11.0 Necromancy
 - Level 2.0 Translocations


You had 7 spell levels left.
You knew the following spells:

 Your Spells              Type           Power      Damage    Failure   Level
a - Pain                  Necr           100%       1d9       1%          1
b - Animate Skeleton      Necr           100%       N/A       1%          1
c - Animate Dead          Necr           28%        N/A       4%          4
d - Vampiric Draining     Necr           28%        2d10      2%          3
e - Excruciating Wounds   Necr           28%        N/A       8%          5
n - Blink                 Tloc           N/A        N/A       14%         2

Your spell library contained the following spells:

 Spells                   Type           Power      Damage    Failure   Level
 Agony                    Necr           57%        N/A       8%          5
 Manifold Assault         Tloc           18%        N/A       82%         5
 Storm Form               Tmut/Air       4%         N/A       100%        7


Dungeon Overview and Level Annotations

Branches:
Dungeon (7/15)             Temple (1/1) D:6

Altars:
Ashenzari
Cheibriados
Dithmenos
Elyvilon
Fedhas
Gozag
Hepliaklqana
Kikubaaqudgha
Makhleb
Nemelex Xobeh
Okawaru
Qazlal
Ru
Sif Muna
Trog
Vehumet
Wu Jian
Xom
Yredelemnul
Zin
The Shining One

Shops:
D:6 =

Annotations:
D:5 Sigmund
D:6 1 runed translucent door, willcat's ghost, weakling HuDe


Message History

You feel life coursing into your body.
A killer bee comes into view.
Casting: Vampiric Draining (safe; 1% risk of failure)
Confirm with . or Enter, or press ? or * to list all spells.
Your +2 dagger of flaming shrieks in agony.
The killer bee buzzes angrily.
The killer bee barely misses you.
The killer bee stings you but does no damage. x2
You barely miss the killer bee.
The killer bee stings you but does no damage.
The killer bee closely misses you. The killer bee barely misses you.
The killer bee stings you.
Unknown command.
The killer bee stings you.
You closely miss the killer bee. The killer bee stings you.
* * * LOW HITPOINT WARNING * * *
You are lethally poisoned!
The killer bee poisons you! The killer bee misses you.
The killer bee barely misses you.
The killer bee stings you but does no damage.
Unknown command.
You feel much better.
You feel very sick. The killer bee stings you.
The killer bee barely misses you.
The killer bee stings you. x2; The killer bee closely misses you.
The killer bee stings you.
Okay, then.
As you read the scroll of teleportation, it crumbles to dust.
You feel strangely unstable.
You feel sick. The killer bee stings you! The killer bee stings you.
The killer bee stings you!
* * * LOW HITPOINT WARNING * * *
The killer bee stings you!
* * * LOW HITPOINT WARNING * * *
The killer bee barely misses you.
A two-headed ogre comes into view.
It is wielding a +0 giant club and a +0 great mace.
The killer bee barely misses you.
A red film seems to cover your vision as you go berserk!
You feel yourself moving faster!
You feel mighty!
You die...
Kikubaaqudgha rasps: "You have failed me!
Welcome... death!"

# ### ... #...#
#.##..### #.... #....
......y@#.(.....####....
#.##..>yy...............
....##.†..#...#.>.......
... #...W#...# #.......
. ..........##.....##
....................
#.###.....#..........
#.##.O....###.W.....)
..y.<.........#.#.#..


You could see a two-headed ogre, a wraith and 3 killer bees.

Vanquished Creatures
  An orc warrior (D:6)
  A sky beast (D:5)
  An ice beast (D:5)
  A necrophage (D:6)
  4 ogres (D:6)
  A phantom (Temple)
  A bullfrog (D:4)
  2 scorpions (D:6)
  A water moccasin skeleton (D:5)
  A killer bee (D:7)
  A hound (D:5)
  A centaur skeleton (D:5)
  A bullfrog skeleton (D:4)
  3 iguanas (D:6)
  3 orc wizards
  A scorpion zombie (D:5)
  A hound skeleton (D:4)
  8 gnolls
  8 adders
  An ufetubus (D:5)
  4 worms
  3 dart slugs
  11 orcs
  6 ball pythons
  5 endoplasms
  5 giant cockroaches
  4 hobgoblins
  3 jackals (D:2)
  13 kobolds
  2 quokkas
  4 bats
  3 frilled lizards
  10 goblins
  6 rats
121 creatures vanquished.

Vanquished Creatures (collateral kills)
  An adder (D:6)
1 creature vanquished.

Grand Total: 122 creatures vanquished

Notes
Turn   | Place    | Note
-------+----------+-------------------------------------------
     0 | D:1      | pokedragonboy the Deep Elf Necromancer began the quest for
                  | the Orb.
     0 | D:1      | Reached XP level 1. HP: 10/10 MP: 6/6
    18 | D:1      | Reached skill level 5 in Necromancy
   175 | D:1      | Learned a level 1 spell: Animate Skeleton
   314 | D:1      | Reached XP level 2. HP: 11/15 MP: 2/8
   589 | D:1      | Found a faded altar of an unknown god.
  1080 | D:1      | Reached XP level 3. HP: 18/19 MP: 8/10
  1084 | D:1      | Learned a level 3 spell: Vampiric Draining
  1533 | D:2      | Reached skill level 6 in Necromancy
  1836 | D:2      | You fall into a shaft and drop 2 floors!
  1857 | D:3      | Reached XP level 4. HP: 22/24 MP: 9/12
  2455 | D:2      | Learned a level 4 spell: Animate Dead
  2458 | D:2      | Learned a level 2 spell: Blink
  2981 | D:3      | Found an ornate altar of the Wu Jian Council.
  2981 | D:3      | Found a shimmering blue altar of Sif Muna.
  2981 | D:3      | Found a burning altar of Makhleb.
  3262 | D:3      | Reached XP level 5. HP: 18/28 MP: 3/13
  3301 | D:2      | Reached skill level 1 in Translocations
  3961 | D:4      | Reached skill level 7 in Necromancy
  4216 | D:4      | Reached skill level 5 in Spellcasting
  4216 | D:4      | Reached XP level 6. HP: 28/32 MP: 10/15
  5093 | D:4      | Found an iron altar of Okawaru.
  5422 | D:5      | Entered Level 5 of the Dungeon
  5724 | D:5      | Noticed Sigmund
  6103 | D:5      | Noticed an ice beast
  6142 | D:5      | Noticed a sky beast
  6147 | D:5      | Killed a sky beast
  6148 | D:5      | Reached skill level 1 in Short Blades
  6148 | D:5      | Reached skill level 8 in Necromancy
  6594 | D:5      | Reached XP level 7. HP: 11/36 MP: 15/17
  7509 | D:6      | Reached skill level 9 in Necromancy
  7661 | D:6      | Found Wizal's Jewellery Shoppe.
  7675 | D:6      | Found a staircase to the Ecumenical Temple.
  7838 | D:6      | Found a runed translucent door.
  7852 | Temple   | Entered the Ecumenical Temple
  7877 | Temple   | Reached XP level 8. HP: 6/41 MP: 18/20
  8158 | Temple   | Became a worshipper of Kikubaaqudgha
  8425 | D:6      | Noticed willcat's ghost (weakling HuDe)
  8630 | D:6      | Reached skill level 10 in Necromancy
  9144 | D:6      | Identified the +1 pair of gloves "Maptyd" {SInv}
  9504 | D:6      | Reached skill level 11 in Necromancy
  9542 | D:6      | Found a shimmering altar of Xom.
  9876 | D:7      | Learned a level 5 spell: Excruciating Wounds
 10012 | D:7      | HP: 1/41 [killer bee (7)]
 10012 | D:7      | Noticed a two-headed ogre
 10013 | D:7      | Succumbed to a killer bee's poison

Illustrated notes

Levels and vault maps discovered:
D:1:      grunt_arrival_lava_bath, layout_basic, shapermc_ecumenical_altar_gd
D:2:      layout_loops_cross
D:3:      layout_basic, chequers_temple_overflow_statue_of_worship
D:4:      layout_loops_corners, okawaru_altar_gauntlet_db, kennysheep_nub,
          serial_bayou_lake_a
D:5:      layout_basic, uniq_sigmund
D:6:      layout_basic, kennysheep_mini, temple_statues, ebering_ghost_sewer_d,
          serial_shops, shop
D:7:      layout_cave_pools
Temple:   eino_temple_scatter_basement

Skill      XL: |  1  2  3  4  5  6  7  8 |
---------------+-------------------------+-----
Necromancy     | 5 6 7 8 9 11 | 11.0
Spellcasting   | 4 5 6 8 |  8.1
Translocations | 1 2 |  2.0
Short Blades   | 1 3 |  3.0
Dodging        | 3 |  3.0
Stealth        | |  2.4

Action                   |  1- 3 |  4- 6 |  7- 9 || total
-------------------------+-------+-------+-------++-------
Melee: Dagger            |       |    55 |    53 ||   108
 Fire: Hunting sling     |       |       |     6 ||     6
Throw: Stone             |       |       |     5 ||     5
 Cast: Pain              |    57 |   113 |    50 ||   220
       Animate Skeleton  |     7 |    19 |     1 ||    27
       Blink             |       |     3 |     1 ||     4
       Vampiric Draining |       |     4 |    22 ||    26
       Animate Dead      |       |       |     8 ||     8
       Excruciating Woun |       |       |     1 ||     1
  Use: Scroll            |     3 |     3 |     5 ||    11
       Potion            |       |       |     4 ||     4
Armor: Robe              |       |    12 |     6 ||    18
Dodge: Dodged            |     1 |    70 |    48 ||   119

Table legend: (Time is in decaauts)
 A = Elapsed time spent in this place.
 B = Non-inter-level travel time spent in this place.
 C = Inter-level travel time spent in this place.
 D = Time resting spent in this place.
 E = Time spent auto-exploring this place.
 F = Levels seen in this place.
 G = Mean time per level.
                   A        B        C        D        E       F      G
               +--------+--------+--------+--------+--------+-----+--------+
         Total |  10135 |   9727 |    408 |   3000 |   5543 |   8 | 1266.9 |
       Dungeon |   9560 |   9170 |    390 |   2617 |   5409 |   7 | 1365.7 |
        Temple |    575 |    557 |     18 |    383 |    134 |   1 |  575.0 |
               +--------+--------+--------+--------+--------+-----+--------+

Top non-repeatable levels by time:
     D:5: 2119 daAuts
     D:6: 1745 daAuts
     D:4: 1662 daAuts
     D:2: 1478 daAuts
     D:1: 1392 daAuts
     D:3: 1002 daAuts
  Temple: 575 daAuts
     D:7: 160 daAuts
